 Dungeon Crawl Stone Soup version 0.21.1-1-g345015f (webtiles) character file.

102225 GrunderHorse the Warrior (level 15, -7/136 HPs)
             Began as a Demonspawn Berserker on Mar 15, 2018.
             Was a High Priest of Trog.
             Mangled by an alligator (32 damage)
             ... called by a spriggan druid
             ... on level 4 of the Swamp.
             The game lasted 00:54:37 (25985 turns).

GrunderHorse the Warrior (Demonspawn Berserker)    Turns: 25985, Time: 00:54:38

Health: -7/136     AC: 33    Str: 18    XL:     15   Next: 85%
Magic:  0/15       EV:  8    Int: 15    God:    Trog [*****.]
Gold:   2441       SH:  0    Dex: 18    Spells: 14/14 levels left

rFire    x . .     SeeInvis .   b - +3 battleaxe (flame)
rCold    + + .     Gourm    .   (shield currently unavailable)
rNeg     . . .     Faith    .   w - +8 plate armour "Soug" {rPois Int+3 Stlth+}
rPois    +         Spirit   +   s - +2 hat {Int+3}
rElec    +         Reflect  .   t - +2 cloak
rCorr    .         Harm     .   B - +0 pair of gloves
MR       ++++.                  (no boots)
Stlth    ..........             Q - amulet of guardian spirit
HPRegen  1.32/turn              u - ring of Aloehuph {Ice rElec MR+}
MPRegen  0.14/turn              i - +4 ring of protection

@: berserk cooldown, regenerating
A: horns 2, icy blue scales 3, nightstalker 2
a: Berserk, Trog's Hand, Brothers in Arms, Burn Spellbooks, Renounce Religion


You were on level 4 of the Swamp.
You worshipped Trog.
Trog was extremely pleased with you.
You were not hungry.

You visited 5 branches of the dungeon, and saw 24 of its levels.

You collected 2561 gold pieces.
You spent 120 gold pieces at shops.

Inventory:

Hand Weapons
 b - a +3 battleaxe of flaming (weapon)
 h - a +5 battleaxe of freezing
 I - a +7 broad axe of chopping
Missiles
 m - 2 throwing nets (quivered)
 V - 4 silver javelins
 Y - 6 poisoned javelins
Armour
 p - +0 swamp dragon scales
 s - a +2 hat of intelligence (worn)
 t - a +2 cloak (worn)
 w - the +8 plate armour "Soug" (worn) {rPois Int+3 Stlth+}
   (You found it on level 4 of the Dungeon)

   It affects your intelligence (+3).
   It protects you from poison.
   It makes you more stealthy.
 B - a +0 pair of gloves (worn)
Jewellery
 g - an uncursed ring of protection from cold
 i - a +4 ring of protection (right hand)
 k - the amulet of Hymutim {+Rage Str+2}
   (You acquired it on level 4 of the Swamp)

   [amulet of rage]

   It affects your strength (+2).
   It lets you go berserk.
 l - an uncursed ring of ice
 u - the ring of Aloehuph (left hand) {Ice rElec MR+}
   (You bought it in a shop on level 10 of the Dungeon)

   [ring of ice]

   It enhances your ice magic.
   It makes you vulnerable to fire.
   It protects you from cold.
   It insulates you from electricity.
   It affects your resistance to hostile enchantments.
 J - a +2 ring of evasion
 K - an uncursed ring of positive energy
 Q - an amulet of guardian spirit (around neck)
Wands
 x - a wand of polymorph (30)
 F - a wand of digging (26)
 L - a wand of iceblast (19)
 P - a wand of paralysis (18)
 R - a wand of acid (12)
Scrolls
 a - 5 scrolls of blinking
 d - a scroll of enchant weapon
 f - a scroll of brand weapon
 j - 9 scrolls of remove curse
 v - 9 scrolls of teleportation
 N - 2 scrolls of magic mapping
 X - a scroll of fear
Potions
 e - 6 potions of flight
 n - 4 potions of curing
 o - a potion of invisibility
 q - 2 potions of magic
 r - 4 potions of ambrosia
 z - 3 potions of cancellation
 A - 6 potions of might
 C - 4 potions of haste {unknown}
 D - 3 potions of resistance
 G - 2 potions of brilliance {unknown}
 O - a potion of agility {unknown}
 U - a potion of degeneration {unknown}
Books
 y - a book of Air

   Spells                             Type                      Level
   a - Shock                          Conjuration/Air              1
   b - Swiftness                      Charms/Air                   2
   c - Static Discharge               Conjuration/Air              3
   d - Airstrike                      Air                          4
   e - Lightning Bolt                 Conjuration/Air              5
   Trog disapproves of the use of such an item.
 S - a book of Clouds

   Spells                             Type                      Level
   a - Poisonous Vapours              Poison/Air                   2
   b - Mephitic Cloud                 Conjuration/Poison/Air       3
   c - Conjure Flame                  Conjuration/Fire             3
   d - Freezing Cloud                 Conjuration/Ice/Air          6
   e - Ring of Flames                 Charms/Fire                  7
   Trog disapproves of the use of such an item.
 Z - a book of Misfortune

   Spells                             Type                      Level
   a - Confusing Touch                Hexes                        1
   b - Confuse                        Hexes                        3
   c - Gell's Gravitas                Translocation                3
   d - Petrify                        Transmutation/Earth          4
   e - Metabolic Englaciation         Hexes/Ice                    5
   f - Yara's Violent Unravelling     Hexes/Transmutation          5
   Trog disapproves of the use of such an item.
Miscellaneous
 H - a fan of gales
 M - a crystal ball of energy
 W - a fan of gales
Comestibles
 c - 28 rations


   Skills:
 - Level 18.0 Fighting
 - Level 18.0 Axes
 - Level 2.0 Armour
 + Level 7.0 Dodging
 - Level 0.6 Stealth


You had 14 spell levels left.
You didn't know any spells.

Dungeon Overview and Level Annotations

Branches:
Dungeon (11/15)            Temple (0/1) D:6            Lair (6/6) D:11
  Swamp (4/4) Lair:2       Spider (0/4) Lair:3        Slime (0/5) Lair:5
    Orc (2/2) D:9             Elf (1/3) Orc:2

Altars:
Cheibriados
Fedhas
Kikubaaqudgha
Ru
Sif Muna
Trog
Beogh
Jiyva

Shops:
D:8 :   D:10 *[?*}   Orc:2 *([%


Innate Abilities, Weirdness & Mutations

You have a pair of horns on your head.
You are completely covered in icy blue scales. (AC +4, rC+)
You are significantly more attuned to the shadows.


Message History

The forest abruptly stops moving.
Your Dodging skill increases to level 7!
You hit the alligator but do no damage. The alligator bites you!!
* * * LOW HITPOINT WARNING * * *
The alligator tail-slaps you but does no damage.
Okay, then.
You hit the alligator but do no damage. You slice the bog body!!
You burn the bog body.
The alligator bites you but does no damage.
The alligator tail-slaps you but does no damage.
Okay, then.
Okay, then.
You slice the alligator!! You burn the alligator! You headbutt the alligator!
The alligator is heavily wounded.
You hit the bog body.
The bog body gestures at you while chanting.
The bolt of cold hits you! You resist.
* * * LOW HITPOINT WARNING * * *
The alligator bites you!!
You die...

≈≈≈≈≈,≈≈≈≈≈***,≈≈≈,,≈≈≈,≈*
≈≈≈≈≈≈,,,≈≈≈,,,,≈≈≈,≈≈≈,**
≈≈≈≈≈,,**,≈≈≈,,,≈≈≈≈♣♣♣**
≈≈≈≈≈,≈**,≈≈≈,≈≈*♣♣♣..≈*
≈≈≈≈≈,***≈≈≈≈,*♣♣♣...≈.**
,≈≈≈*** *,≈≈≈,*♣<≈≈.≈≈.,**
***** *******♣.≈≈.≈♣≈,≈** *
**,***♣.t.♣≈♣*≈,≈*
***≈,,,≈♣@†.♣≈♣*******
**,*≈,,,,♣♣n♣♣≈<***,,,* ***
**≈,,,,*,,♣≈.≈...≈,,≈≈**
,,*
**,≈≈≈,,,≈..♣......≈,,≈*
≈**
*,,,,,**D≈..§...≈..,,*** **
**≈,**,,,.##*≈≈≈..≈≈,*** *
**,≈****,****###....≈,,,*
**≈≈***,,,≈≈,*****,≈,,≈≈,*
**≈≈***,,,,≈≈,,,,****,≈≈≈,*


You could see an alligator and a bog body.

Vanquished Creatures
  A tentacled monstrosity (Swamp:3)
  Gastronok (D:11)
  A stone giant (Orc:2)
  A ghost crab (Swamp:3)
  Fannar (Lair:3)
  Harold (Orc:1)
  The ghost of GrunderHorse the Spry, a journeyman MfFi of Okawaru (Orc:2)
  16 hydras
  9 alligators
  4 two-headed ogres
  Urug (Orc:1)
  Nergalle (Lair:3)
  Sonja (Lair:3)
  A sea snake (Lair:6)
  3 skeletal warriors (D:11)
  A spriggan druid (Swamp:4)
  An unseen horror (D:11)
  3 shambling mangroves
  Pikel (D:7)
  5 swamp dragons
  2 orc knights (Orc:2)
  2 ugly things
  A manticore (Lair:6)
  The ghost of Captinkiss the Conjurer, a novice DrFE of Vehumet (D:7)
  5 orc sorcerers (Orc:2)
  18 elephants
  Maurice (D:11)
  3 black mambas
  2 torpor snails (Lair:3)
  15 spiny frogs
  4 komodo dragons
  3 rime drakes
  A centaur skeleton (D:10)
  A tengu conjurer (Swamp:1)
  10 hornets
  6 trolls
  4 tyrant leeches
  6 polar bears
  28 blink frogs
  A wind drake (Lair:6)
  3 bog bodies
  6 hippogriffs
  11 slime creatures (Swamp:2)
  4 dream sheep (Lair:4)
  7 spriggans
  5 wyverns
  2 redbacks (Lair:3)
  A steam dragon (D:11)
  30 yaks
  2 basilisks
  The ghost of sdsc42 the Chopper, an amateur DsBe of Trog (D:3)
  6 vampire mosquitoes (Swamp:1)
  2 wargs
  6 insubstantial wisps (Swamp:2)
  12 swamp worms
  23 water moccasins
  32 orc warriors
  9 porcupines
  Duvessa (D:4)
  6 black bears
  5 ice beasts
  A sky beast (D:3)
  4 swamp drakes
  A necrophage (D:11)
  9 ogres
  2 phantoms
  8 centaurs
  6 wolves (Lair:3)
  12 crocodiles
  Blork the orc (D:6)
  2 big kobolds
  19 bullfrogs
  A wyvern zombie (D:10)
  Dowan (D:4)
  4 scorpions
  A water moccasin skeleton (D:9)
  4 killer bees (D:8)
  14 wights
  3 crimson imps
  5 jellies
  5 hounds
  A quasit (D:10)
  Crazy Yiuf (D:6)
  A bullfrog skeleton (D:10)
  13 orc priests
  25 orc wizards
  4 iguanas
  5 worker ants
  A worker ant zombie (D:10)
  Robin (D:2)
  13 gnolls
  A howler monkey skeleton (D:8)
  8 adders
  A shadow imp (D:8)
  10 oozes
  3 adder skeletons
  A worm (D:4)
  2 dart slugs
  A leopard gecko (D:6)
  96 orcs
  6 giant cockroaches
  11 hobgoblins
  5 jackals
  9 quokkas
  2 ball pythons
  5 bats
  5 frilled lizards
  16 goblins
  24 kobolds
  A leopard gecko skeleton (D:4)
  A quokka skeleton (D:9)
  11 rats
  4 briar patches (Swamp:1)
  3 fungi
  6 plants
742 creatures vanquished.

Vanquished Creatures (collateral kills)
  Saint Roka (Orc:2)
  A thorn hunter (Swamp:1)
  Aizul (Swamp:1)
  A merfolk avatar (Lair:6)
  An orc high priest (Orc:2)
  A tengu warrior (Swamp:1)
  4 spriggans (Swamp:1)
  A swamp dragon (Swamp:1)
  An elephant (Lair:6)
  A polar bear (Lair:6)
  A wind drake (Lair:6)
  5 hornets (Swamp:1)
  2 vampire mosquitoes (Swamp:1)
  A swamp worm (Swamp:1)
  2 orc warriors (Orc:2)
  2 crocodiles (Lair:6)
  7 orcs (Orc:2)
  2 briar patches (Swamp:1)
35 creatures vanquished.

Vanquished Creatures (others)
  A slave (D:7)
  An orc wizard (D:7)
  A briar patch (Swamp:1)
  6 fungi
  7 plants
  6 toadstools (D:4)
22 creatures vanquished.

Grand Total: 799 creatures vanquished

Notes
Turn   | Place    | Note
-------+----------+-------------------------------------------
     0 | D:1      | GrunderHorse the Demonspawn Berserker began the quest for the Orb.
     0 | D:1      | Reached XP level 1. HP: 18/18 MP: 1/1
   404 | D:1      | Gained mutation: You have a pair of small horns on your head. [demonic ancestry]
   404 | D:1      | Reached XP level 2. HP: 24/24 MP: 2/2
  1202 | D:2      | Reached XP level 3. HP: 20/29 MP: 3/3
  1205 | D:2      | Reached ** piety under Trog
  1715 | D:2      | Noticed Robin
  1727 | D:2      | Killed Robin
  1727 | D:2      | Gained mutation: You are partially covered in icy blue scales. (AC +2) [demonic ancestry]
  1727 | D:2      | Reached XP level 4. HP: 37/37 MP: 4/4
  2331 | D:3      | Reached *** piety under Trog
  2351 | D:3      | Reached XP level 5. HP: 20/43 MP: 5/5
  2768 | D:3      | Noticed a sky beast
  2774 | D:3      | Killed a sky beast
  2774 | D:3      | Reached skill level 5 in Fighting
  2930 | D:3      | Reached XP level 6. HP: 41/51 MP: 6/6
  3133 | D:3      | Noticed sdsc42's ghost (amateur DsBe)
  3177 | D:3      | Killed sdsc42's ghost
  3177 | D:3      | Reached skill level 5 in Axes
  3843 | D:4      | Gained mutation: You have a pair of horns on your head. [demonic ancestry]
  3843 | D:4      | Reached XP level 7. HP: 54/57 MP: 7/7
  4134 | D:4      | Noticed Duvessa
  4134 | D:4      | Noticed Dowan
  4143 | D:4      | Killed Dowan
  4151 | D:4      | Killed Duvessa
  4234 | D:4      | Reached **** piety under Trog
  4369 | D:4      | Got a spiked plate armour
  4385 | D:4      | Identified the +8 plate armour "Soug" {rPois Int+3 Stlth+} (You found it on level 4 of the Dungeon)
  4602 | D:4      | Found a bloodstained altar of Trog.
  4605 | D:4      | Found an ancient bone altar of Kikubaaqudgha.
  4617 | D:4      | Found a blossoming altar of Fedhas.
  4620 | D:4      | Found a snail-covered altar of Cheibriados.
  4698 | D:5      | Entered Level 5 of the Dungeon
  4729 | D:5      | Reached XP level 8. HP: 67/67 MP: 8/8
  5509 | D:6      | Found a runed door.
  5555 | D:6      | Noticed Crazy Yiuf
  5563 | D:6      | Killed Crazy Yiuf
  5921 | D:6      | Found a sacrificial altar of Ru.
  5994 | D:6      | Noticed Blork the orc
  5995 | D:6      | Found a staircase to the Ecumenical Temple.
  6002 | D:6      | Killed Blork the orc
  6516 | D:7      | Reached XP level 9. HP: 72/75 MP: 9/9
  6674 | D:7      | Noticed Captinkiss's ghost (novice DrFE)
  6691 | D:7      | Killed Captinkiss's ghost
  6798 | D:7      | Noticed Pikel
  6803 | D:7      | Killed Pikel
  6803 | D:7      | Reached skill level 10 in Fighting
  7246 | D:8      | Reached ***** piety under Trog
  7536 | D:8      | Gained mutation: You are mostly covered in icy blue scales. (AC +3) [demonic ancestry]
  7536 | D:8      | Reached XP level 10. HP: 80/86 MP: 10/10
  7790 | D:8      | Found Pixaxiul's Book Shop.
  7887 | D:9      | Reached skill level 10 in Axes
  8068 | D:9      | Received a gift from Trog
  8248 | D:9      | Found a staircase to the Orcish Mines.
  8850 | D:10     | Entered Level 10 of the Dungeon
  8850 | D:10     | Found Rahiobot's Armour Shoppe.
  8850 | D:10     | Noticed a cyan ugly thing
  8888 | D:10     | Found Umodd's Gadget Emporium.
  9149 | D:10     | Killed a cyan ugly thing
  9402 | D:10     | Noticed a two-headed ogre
  9406 | D:10     | Killed a two-headed ogre
  9406 | D:10     | Reached XP level 11. HP: 95/95 MP: 11/11
  9420 | D:10     | Found Woblorriode's Assorted Antiques.
  9648 | D:10     | Found Piuvukace's Assorted Antiques.
  9656 | D:10     | Bought a brightly glowing glass ring for 120 gold pieces
  9657 | D:10     | Identified the ring of Aloehuph {Ice rElec MR+} (You bought it in a shop on level 10 of the Dungeon)
  9747 | D:10     | Noticed a two-headed ogre
  9753 | D:10     | Killed a two-headed ogre
  9853 | D:10     | Found Jeteoj's Magic Scroll Emporium.
 10047 | D:11     | Received a gift from Trog
 10126 | D:11     | Noticed a two-headed ogre
 10132 | D:11     | Killed a two-headed ogre
 10241 | D:11     | Found a staircase to the Lair.
 10254 | D:11     | Noticed a white ugly thing
 10262 | D:11     | Noticed Maurice
 10262 | D:11     | Killed a white ugly thing
 10275 | D:11     | Killed Maurice
 10453 | D:11     | Noticed a skeletal warrior
 10455 | D:11     | Noticed a skeletal warrior
 10465 | D:11     | Killed a skeletal warrior
 10465 | D:11     | Killed a skeletal warrior
 10520 | D:11     | Noticed a skeletal warrior
 10529 | D:11     | Killed a skeletal warrior
 10590 | D:11     | Killed an unseen horror
 10668 | D:11     | Noticed Gastronok
 10680 | D:11     | Killed Gastronok
 10680 | D:11     | Gained mutation: You are slightly more attuned to the shadows. [demonic ancestry]
 10680 | D:11     | Reached XP level 12. HP: 106/106 MP: 12/12
 10741 | D:11     | Noticed a two-headed ogre
 10746 | D:11     | Killed a two-headed ogre
 11422 | Orc:1    | Entered Level 1 of the Orcish Mines
 11422 | Orc:1    | Found a bloodstained altar of Trog.
 11456 | Orc:1    | Noticed Urug
 11468 | Orc:1    | Killed Urug
 11781 | Orc:1    | Noticed Harold
 11808 | Orc:1    | Killed Harold
 11882 | Orc:1    | Found a deep blue altar of Sif Muna.
 12051 | Orc:2    | Entered Level 2 of the Orcish Mines
 12150 | Orc:2    | Noticed GrunderHorse's ghost (journeyman MfFi)
 12166 | Orc:2    | Killed GrunderHorse's ghost
 12257 | Orc:2    | Noticed a stone giant
 12269 | Orc:2    | Killed a stone giant
 12437 | Orc:2    | Found a staircase to the Elven Halls.
 12648 | Orc:2    | Found a roughly hewn altar of Beogh.
 12650 | Orc:2    | Found Goschi Naba's Food Boutique.
 12656 | Orc:2    | Received a gift from Trog
 12727 | Orc:2    | Received a gift from Trog
 13211 | Orc:2    | Found a roughly hewn altar of Beogh.
 13296 | Orc:2    | Found a roughly hewn altar of Beogh.
 13337 | Orc:2    | Found a roughly hewn altar of Beogh.
 13496 | Orc:2    | Found a roughly hewn altar of Beogh.
 13606 | Orc:2    | Received a gift from Trog
 13614 | Orc:2    | Found a roughly hewn altar of Beogh.
 13721 | Orc:2    | Noticed an orc high priest
 13721 | Orc:2    | Reached skill level 15 in Fighting
 13733 | Orc:2    | Noticed Saint Roka
 13766 | Orc:2    | Killed an orc high priest
 13773 | Orc:2    | Killed Saint Roka
 13773 | Orc:2    | Gained mutation: You are significantly more attuned to the shadows. [demonic ancestry]
 13773 | Orc:2    | Reached XP level 13. HP: 56/116 MP: 13/13
 13993 | Orc:2    | Found Fucolyics's Antique Armour Emporium.
 13994 | Orc:2    | Found a roughly hewn altar of Beogh.
 13995 | Orc:2    | Found Ariala's Antique Weapon Shoppe.
 14241 | Orc:2    | Received a gift from Trog
 14269 | Orc:2    | Found a roughly hewn altar of Beogh.
 14282 | Orc:2    | Found Qixuren's Assorted Antiques.
 14377 | Elf:1    | Entered Level 1 of the Elven Halls
 14506 | Lair:1   | Entered Level 1 of the Lair of Beasts
 15456 | Lair:2   | Found a staircase to the Swamp.
 15783 | Lair:2   | Reached skill level 15 in Axes
 16536 | Lair:3   | Noticed Fannar
 16552 | Lair:3   | Killed Fannar
 16592 | Lair:3   | Found a hole to the Spider Nest.
 16924 | Lair:3   | Reached ****** piety under Trog
 16938 | Lair:3   | Received a gift from Trog
 17280 | Lair:3   | Noticed Sonja
 17285 | Lair:3   | Killed Sonja
 17554 | Lair:3   | Noticed Nergalle
 17563 | Lair:3   | Killed Nergalle
 17606 | Lair:3   | Reached XP level 14. HP: 121/126 MP: 14/14
 20051 | Lair:5   | Found a viscous altar of Jiyva.
 20051 | Lair:5   | Found a staircase to the Slime Pits.
 20277 | Lair:6   | Entered Level 6 of the Lair of Beasts
 21120 | Lair:6   | Got a twisted scimitar
 21558 | Swamp:1  | Entered Level 1 of the Swamp
 21744 | Swamp:1  | Noticed Aizul
 21752 | Swamp:1  | Killed Aizul
 22135 | Swamp:1  | Received a gift from Trog
 22264 | Swamp:1  | Noticed a thorn hunter
 22270 | Swamp:1  | Killed a thorn hunter
 22318 | Swamp:1  | Gained mutation: You are completely covered in icy blue scales. (AC +4, rC+) [demonic ancestry]
 22318 | Swamp:1  | Reached XP level 15. HP: 135/136 MP: 15/15
 23100 | Swamp:2  | Received a gift from Trog
 23740 | Swamp:2  | Paralysed by a hornet for 1 turns
 24565 | Swamp:3  | Noticed a tentacled monstrosity
 24575 | Swamp:3  | Killed a tentacled monstrosity
 25109 | Swamp:3  | Reached skill level 5 in Dodging
 25912 | Swamp:4  | Entered Level 4 of the Swamp
 25914 | Swamp:4  | Identified a scroll of acquirement
 25915 | Swamp:4  | Got a shimmering iron amulet
 25917 | Swamp:4  | Identified the amulet of Hymutim {+Rage Str+2} (You acquired it on level 4 of the Swamp)
 25985 | Swamp:4  | Mangled by an alligator

Skill      XL: |  1  2  3  4  5  6  7  8  9 10 11 12 13 14 15 |
---------------+----------------------------------------------+-----
Dodging        | 2 7 |  7.0
Axes           | 3 4 5 6 8 9 11 12 14 15 16 18 | 18.0
Armour         | 2 |  2.0
Fighting       | 4 5 7 8 10 12 13 15 16 18 | 18.0
Stealth        | |  0.6

Action                   |  1- 3 |  4- 6 |  7- 9 | 10-12 | 13-15 || total
-------------------------+-------+-------+-------+-------+-------++-------
Melee: Hand axe          |   111 |   146 |   290 |       |       ||   547
       Headbutt          |    10 |    27 |    94 |    95 |   237 ||   463
       Battleaxe         |       |       |    45 |   220 |   117 ||   382
       Broad axe         |       |       |       |   291 |   869 ||  1160
Invok: Berserk           |     1 |     5 |    10 |    14 |     9 ||    39
       Trog's Hand       |       |     1 |     2 |     4 |     7 ||    14
       Brothers in Arms  |       |       |       |     2 |     6 ||     8
Evoke: Wand              |       |       |       |       |     1 ||     1
  Use: Scroll            |       |       |       |    16 |    18 ||    34
       Potion            |       |       |       |     2 |     6 ||     8
 Stab: Sleeping          |     1 |     5 |       |       |       ||     6
       Held in net/web   |       |       |       |       |     1 ||     1
  Eat: Chunk             |     3 |     6 |    14 |    31 |    45 ||    99
       Ration            |       |     2 |     2 |     1 |     3 ||     8
Armor: Animal skin       |    16 |    22 |    12 |       |       ||    50
       Plate armour      |       |       |   215 |   549 |   955 ||  1719
Dodge: Dodged            |    85 |   105 |   117 |   164 |   323 ||   794
